Avalanche vs Stars

Created - 16 octobre 2023 at 21:00

Goals
1 2 3 OT1 T
Avalanche 1 2 0 1 4
Stars 1 1 1 0 3
Shots
1 2 3 OT1 T
Avalanche 14 10 4 2 30
Stars 9 12 16 0 37

GoalsPenalties
1st period
1. Avalanche , David Pastrnak 5 (Jake Sanderson 3) at 12:24
2. Stars , Jamie Benn 6 (Jordan Staal 7, Calle Jarnkrok 7) at 12:56
Dmitry Kulikov (DAL) for Interference (Minor) at 5:12
Kris Letang (DAL) for Tripping (Minor) at 14:42
2nd period
3. Stars , Jordan Martinook 2 (Joe Pavelski 4) at 9:52
4. Avalanche , Jordan Kyrou 5 (Dylan DeMelo 6) at 10:06
5. Avalanche , Boone Jenner 3 (Jordan Kyrou 9, Brandon Tanev 6) at 17:03 (PP)
Boone Jenner (COL) for Hooking (Minor) at 0:46
Mark Giordano (DAL) for Hooking (Minor) at 16:24
3rd period
6. Stars , Evgenii Dadonov 3 (Joel Armia 2, Dmitry Kulikov 5) at 3:49
Erik Karlsson (COL) for Interference (Minor) at 12:46
Overtime #1
7. Avalanche , Michael McCarron 1 (Travis Sanheim 4, Boone Jenner 8) at 0:48
No Penalty
Goalie Stats
Vitek Vanecek (COL), 34 saves from 37 shots - (0,919), W, 6-7-1, 60:48 minutes
Philipp Grubauer (DAL), 26 saves from 30 shots - (0,867), OTL, 11-4-1, 60:48 minutes
3 StarsOfficial
1 - Jordan Kyrou (COL)
2 - Boone Jenner (COL)
3 - Evgenii Dadonov (DAL)
Referees : Dan O'Rourke and Frederick L'Ecuyer
Linesman : Michel Cormier and Kyle Flemington
Game Note
No Game Note
Finance
Level 1 -- Attendance: 6150 (100%) -- Ticket Income $553,500
Level 2 -- Attendance: 4840 (93%) -- Ticket Income $242,000
Level 3 -- Attendance: 2385 (84%) -- Ticket Income $95,400
Level 4 -- Attendance: 4145 (96%) -- Ticket Income $62,175
Luxury Box -- Attendance: 1050 (100%) -- Ticket Income $189,000
Game was played at the American Airlines Center.
Total Attendance: 18570 (95%)
Total Ticket Income: $1,142,075
Other Income: $342,622
Total Income: $1,484,697



Team Name Goals Shots Shots Attemp Shots Blocked PIM HIT PP PK FO%
Avalanche 4305284181 / 3 (33%)046%
Stars 3376796210 / 2 (0%)154%

Avalanche
Player Name POS G A P +/- PIM HIT SHT SB MP PP MP PP SHT PK MP PK SHT FO% FOT GA TA
Bo HorvatC0000003021:372:2602:20057% 2100
Boone JennerC/LW1121231018:432:1110:53047% 1500
Brandon TanevLW/RW0111012018:312:1101:28050% 221
David KampfC000-1010012:250:0000:03020% 500
David PastrnakRW1010025018:432:2610:0000% 100
Dylan DeMeloD0110020121:581:5201:3500% 002
Erik KarlssonD0000213323:352:4501:0600% 000
Esa LindellD0000001224:452:4502:2300% 000
Gage GoncalvesLW000-100107:530:0000:0000% 000
Jake SandersonD011-1001113:460:0000:0000% 000
Jonathan HuberdeauLW/RW0000014020:442:2612:07050% 201
Jordan KyrouRW1121002017:232:1100:0000% 200
Jujhar KhairaC/LW0000010112:270:0000:1400% 000
Mattias SamuelssonD000-1020014:360:0000:4200% 000
Matty BeniersC000-100307:530:0000:00050% 600
Michael McCarronC/RW101003109:350:0000:5100% 000
Nikolaj EhlersLW/RW000-1000011:350:0000:0000% 000
Travis SanheimD0111013022:151:5202:1000% 010
Stars
Player Name POS G A P +/- PIM HIT SHT SB MP PP MP PP SHT PK MP PK SHT FO% FOT GA TA
Calle JarnkrokLW/RW011-2012019:002:1810:1500% 010
Conor ShearyLW/RW0001013117:481:4000:0000% 101
Dmitry KulikovD0111200115:250:0001:2000% 000
Evgenii DadonovLW/RW1011033014:291:5100:0000% 210
Jamie BennC/LW1010025118:552:1800:15064% 2220
Jaycob MegnaD0001001114:330:0000:1600% 000
Joe PavelskiC/RW011-2030017:482:1800:00063% 1600
Joel ArmiaLW/RW0111011111:460:0000:0000% 100
Jordan MartinookLW/RW101-2012117:410:0002:4600% 000
Jordan StaalC/LW0111015020:041:4002:4600% 300
Kris LetangD000-2216223:382:0721:1800% 000
Liam O'BrienLW000001008:480:0000:0000% 000
Mark GiordanoD000-1203023:081:5102:1400% 000
Nick BjugstadC/RW0001011014:121:4001:36050% 400
Nick BoninoC/LW0001003010:590:0001:36075% 400
Ryan SuterD0001010120:420:0002:5100% 000
Shayne GostisbehereD0001041021:372:0701:1500% 002
Tyler PitlickRW000100107:110:0000:0000% 100

Avalanche

5 vs 5 Forward
Line #Left WingCenterRight WingPHYDFOFWanted %Time %Time Play
1Jonathan HuberdeauBo HorvatDavid Pastrnak0143632%16:42
2Brandon TanevBoone JennerJordan Kyrou0143430%15:15
3Jujhar KhairaDavid KampfNikolaj Ehlers1132223%11:35
4Gage GoncalvesMatty BeniersMichael McCarron140815%7:53
5 vs 5 Defense
Line #DefenseDefensePHYDFOFWanted %Time %Time Play
1Erik KarlssonEsa Lindell1313634%17:40
2Dylan DeMeloTravis Sanheim1313635%17:54
3Mattias SamuelssonJake Sanderson1402027%13:46
4Erik KarlssonEsa Lindell03284%2:05
Power Play Forward
Line #Left WingCenterRight WingPHYDFOFWanted %Time %Time Play
1Jonathan HuberdeauBo HorvatDavid Pastrnak1045553%2:26
2Brandon TanevBoone JennerJordan Kyrou1044547%2:11
Power Play Defense
Line #DefenseDefensePHYDFOFWanted %Time %Time Play
1Erik KarlssonEsa Lindell0145560%2:45
2Dylan DeMeloTravis Sanheim0144540%1:52
Penalty Kill 4 Players Forward
Line #CenterWingPHYDFOFWanted %Time %Time Play
1Bo HorvatJonathan Huberdeau1405560%2:23
2Boone JennerBrandon Tanev1404540%1:35
Penalty Kill 4 Players Defense
Line #DefenseDefensePHYDFOFWanted %Time %Time Play
1Erik KarlssonEsa Lindell2306078%3:05
2Dylan DeMeloTravis Sanheim2304022%0:53
Penalty Kill 3 Players
Line #WingPHYDFOFWanted %Time %Time PlayDefenseDefensePHYDFOFWanted %Time %Time Play
1Bo Horvat140500%0:00 Erik KarlssonEsa Lindell140550%0:00
2Boone Jenner140500%0:00 Dylan DeMeloTravis Sanheim140450%0:00
4 vs 4 Forward
Line #CenterWingPHYDFOFWanted %Time %Time Play
1Bo HorvatJonathan Huberdeau122500%0:00
2Boone JennerBrandon Tanev122500%0:00
4 vs 4 Defense
Line #DefensePHYDFOFWanted %Time %Time Play
1Erik KarlssonEsa Lindell122500%0:00
2Dylan DeMeloTravis Sanheim122500%0:00
Last Minutes Offensive
Left WingCenterRight WingDefenseDefense
Jonathan HuberdeauBo HorvatDavid PastrnakErik KarlssonEsa Lindell
Last Minutes Defensive
Left WingCenterRight WingDefenseDefense
Jonathan HuberdeauBo HorvatDavid PastrnakErik KarlssonEsa Lindell
Time
Total ForwardTotal DefenseLast Minutes OffensiveLast Minutes Defensive
60:00 60:00 0:000:00
Extra Forwards
Normal PowerPlayPenalty Kill
Boone Jenner, Brandon Tanev, David KampfBoone Jenner, Brandon TanevBoone Jenner
Extra Defensemen
Normal PowerPlayPenalty Kill
Travis Sanheim, Mattias Samuelsson, Jake SandersonTravis Sanheim, Travis SanheimMattias Samuelsson
Penalty Shots
David Pastrnak, Bo Horvat, Jonathan Huberdeau, Jordan Kyrou, Boone Jenner
Goalie
Vitek Vanecek, Alex Nedeljkovic
Scratches
Brayden Point (Bruised Right Leg Injury)

Stars

5 vs 5 Forward
Line #Left WingCenterRight WingPHYDFOFWanted %Time %Time Play
1Jordan StaalJamie BennConor Sheary0233632%16:37
2Calle JarnkrokJoe PavelskiJordan Martinook0233433%16:48
3Joel ArmiaNick BjugstadEvgenii Dadonov0412521%10:49
4Liam O'BrienNick BoninoTyler Pitlick140514%7:11
5 vs 5 Defense
Line #DefenseDefensePHYDFOFWanted %Time %Time Play
1Kris LetangMark Giordano0323838%19:39
2Shayne GostisbehereRyan Suter0503536%18:16
3Jaycob MegnaDmitry Kulikov1402726%13:30
4Kris LetangMark Giordano14000%0:00
Power Play Forward
Line #Left WingCenterRight WingPHYDFOFWanted %Time %Time Play
1Calle JarnkrokJamie BennJoe Pavelski0145558%2:18
2Conor ShearyJordan StaalNick Bjugstad0144542%1:40
Power Play Defense
Line #DefenseDefensePHYDFOFWanted %Time %Time Play
1Kris LetangShayne Gostisbehere1225053%2:07
2Mark GiordanoEvgenii Dadonov1225047%1:51
Penalty Kill 4 Players Forward
Line #CenterWingPHYDFOFWanted %Time %Time Play
1Jordan StaalJordan Martinook1405565%3:01
2Nick BoninoNick Bjugstad1404535%1:36
Penalty Kill 4 Players Defense
Line #DefenseDefensePHYDFOFWanted %Time %Time Play
1Kris LetangMark Giordano1405051%2:22
2Ryan SuterDmitry Kulikov1405049%2:15
Penalty Kill 3 Players
Line #WingPHYDFOFWanted %Time %Time PlayDefenseDefensePHYDFOFWanted %Time %Time Play
1Jordan Staal050550%0:00 Kris LetangMark Giordano140500%0:00
2Nick Bonino050450%0:00 Ryan SuterDmitry Kulikov140500%0:00
4 vs 4 Forward
Line #CenterWingPHYDFOFWanted %Time %Time Play
1Jamie BennJordan Staal122500%0:00
2Joe PavelskiConor Sheary122500%0:00
4 vs 4 Defense
Line #DefensePHYDFOFWanted %Time %Time Play
1Kris LetangMark Giordano131550%0:00
2Shayne GostisbehereRyan Suter131450%0:00
Last Minutes Offensive
Left WingCenterRight WingDefenseDefense
Jordan StaalJamie BennJoe PavelskiKris LetangShayne Gostisbehere
Last Minutes Defensive
Left WingCenterRight WingDefenseDefense
Nick BoninoJordan StaalJordan MartinookRyan SuterMark Giordano
Time
Total ForwardTotal DefenseLast Minutes OffensiveLast Minutes Defensive
60:00 60:00 0:000:00
Extra Forwards
Normal PowerPlayPenalty Kill
Conor Sheary, Evgenii Dadonov, Calle JarnkrokJoe Pavelski, Nick BjugstadJamie Benn
Extra Defensemen
Normal PowerPlayPenalty Kill
Jaycob Megna, Kris Letang, Mark GiordanoDmitry Kulikov, Ryan SuterShayne Gostisbehere
Penalty Shots
Jamie Benn, Joe Pavelski, Shayne Gostisbehere, Conor Sheary, Kris Letang
Goalie
Philipp Grubauer, Thomas Greiss
Scratches
None


Play-by-Play

1st period


0:01 of 1st period - Jamie Benn wins face-off versus Bo Horvat in neutral zone.
0:06 of 1st period - Snap shot by Jamie Benn.
0:06 of 1st period - Shot Misses the Net.
0:08 of 1st period - Wrist shot by Jordan Staal.
0:08 of 1st period - Shot Misses the Net.
0:28 of 1st period - Wrist shot by Joe Pavelski.
0:28 of 1st period - Shot Misses the Net.
0:30 of 1st period - Wrist shot by Ryan Suter.
0:30 of 1st period - Shot Misses the Net.
0:46 of 1st period - Slapshot by Erik Karlsson.
0:46 of 1st period - Stopped by Philipp Grubauer without a rebound.
0:47 of 1st period - Nick Bjugstad wins face-off versus David Kampf in Stars zone.
1:00 of 1st period - Snap shot by Evgenii Dadonov.
1:00 of 1st period - Stopped by Vitek Vanecek without a rebound.
1:01 of 1st period - Nick Bonino wins face-off versus Matty Beniers in Avalanche zone.
1:08 of 1st period - Slapshot by Nick Bonino.
1:08 of 1st period - Stopped by Vitek Vanecek without a rebound.
1:09 of 1st period - Matty Beniers wins face-off versus Nick Bonino in Avalanche zone.
1:28 of 1st period - Snap shot by Nick Bonino.
1:28 of 1st period - Stopped by Vitek Vanecek with a rebound.
1:40 of 1st period - Slapshot by Nick Bonino.
1:40 of 1st period - Shot Misses the Net.
1:42 of 1st period - Slapshot by Jaycob Megna.
1:42 of 1st period - Stopped by Vitek Vanecek without a rebound.
1:43 of 1st period - Jamie Benn wins face-off versus Bo Horvat in Avalanche zone.
1:56 of 1st period - Backhand shot by Jamie Benn.
1:56 of 1st period - Stopped by Vitek Vanecek with a rebound.
2:42 of 1st period - Snap shot by Travis Sanheim.
2:42 of 1st period - Stopped by Philipp Grubauer without a rebound.
2:43 of 1st period - Jamie Benn wins face-off versus Boone Jenner in Stars zone.
2:50 of 1st period - Snap shot by Jordan Staal.
2:50 of 1st period - Stopped by Vitek Vanecek without a rebound.
2:51 of 1st period - Boone Jenner wins face-off versus Conor Sheary in Avalanche zone.
3:38 of 1st period - Snap shot by Jordan Kyrou.
3:38 of 1st period - Stopped by Philipp Grubauer without a rebound.
3:39 of 1st period - Bo Horvat wins face-off versus Joe Pavelski in Stars zone.
4:27 of 1st period - Icing by Kris Letang.
4:28 of 1st period - Matty Beniers wins face-off versus Tyler Pitlick in Stars zone.
4:29 of 1st period - Slapshot by Erik Karlsson.
4:29 of 1st period - Stopped by Philipp Grubauer without a rebound.
4:30 of 1st period - Nick Bonino wins face-off versus Matty Beniers in Stars zone.
5:12 of 1st period - Minor Penalty to Dmitry Kulikov for Interference.
5:13 of 1st period - Bo Horvat wins face-off versus Jordan Staal in Stars zone.
7:12 of 1st period - Penalty to Dmitry Kulikov is over, Dmitry Kulikov is back on ice.
7:17 of 1st period - Snap shot by Evgenii Dadonov.
7:17 of 1st period - Shot Misses the Net.
8:00 of 1st period - Wrist shot by Tyler Pitlick.
8:00 of 1st period - Stopped by Vitek Vanecek with a rebound.
8:20 of 1st period - Michael McCarron is hit by Jamie Benn and loses puck.
9:19 of 1st period - Kris Letang is hit by Brandon Tanev and loses puck.
9:43 of 1st period - Bo Horvat is hit by Joe Pavelski and loses puck.
9:51 of 1st period - Icing by David Pastrnak.
9:52 of 1st period - Bo Horvat wins face-off versus Joel Armia in Avalanche zone.
10:23 of 1st period - Nick Bjugstad is hit by Michael McCarron and loses puck.
10:30 of 1st period - Slapshot by Gage Goncalves.
10:30 of 1st period - Stopped by Philipp Grubauer with a rebound.
10:43 of 1st period - Off-side.
10:44 of 1st period - Bo Horvat wins face-off versus Jamie Benn in neutral zone.
11:18 of 1st period - Snap shot by Nikolaj Ehlers.
11:18 of 1st period - Shot Misses the Net.
11:20 of 1st period - Wrist shot by Jujhar Khaira.
11:20 of 1st period - Shot Misses the Net.
11:52 of 1st period - Wrist shot by Conor Sheary.
11:52 of 1st period - Stopped by Vitek Vanecek without a rebound.
11:53 of 1st period - Bo Horvat wins face-off versus Joe Pavelski in Avalanche zone.
12:19 of 1st period - Joe Pavelski is hit by David Pastrnak and loses puck.
12:24 of 1st period - Wrist shot by David Pastrnak.
12:24 of 1st period - Goal by David Pastrnak - Avalanche : 1 - Stars : 0.
12:25 of 1st period - Joe Pavelski wins face-off versus Boone Jenner in neutral zone.
12:56 of 1st period - Slapshot by Jamie Benn.
12:56 of 1st period - Goal by Jamie Benn - Avalanche : 1 - Stars : 1.
12:57 of 1st period - Boone Jenner wins face-off versus Jamie Benn in neutral zone.
13:08 of 1st period - Snap shot by Boone Jenner.
13:08 of 1st period - Shot Blocked by Jamie Benn.
13:34 of 1st period - Wrist shot by Jonathan Huberdeau.
13:34 of 1st period - Stopped by Philipp Grubauer with a rebound.
13:36 of 1st period - Snap shot by Esa Lindell.
13:36 of 1st period - Stopped by Philipp Grubauer with a rebound.
13:38 of 1st period - Backhand shot by David Pastrnak.
13:38 of 1st period - Stopped by Philipp Grubauer without a rebound.
13:39 of 1st period - David Kampf wins face-off versus Jamie Benn in Stars zone.
13:40 of 1st period - Snap shot by Nikolaj Ehlers.
13:40 of 1st period - Shot Blocked by Conor Sheary.
13:42 of 1st period - Snap shot by David Kampf.
13:42 of 1st period - Shot Misses the Net.
13:44 of 1st period - Slapshot by Travis Sanheim.
13:44 of 1st period - Stopped by Philipp Grubauer with a rebound.
13:46 of 1st period - Snap shot by Jujhar Khaira.
13:46 of 1st period - Shot Blocked by Dmitry Kulikov.
13:52 of 1st period - Jordan Staal is hit by Dylan DeMelo and loses puck.
14:31 of 1st period - Snap shot by David Pastrnak.
14:31 of 1st period - Stopped by Philipp Grubauer with a rebound.
14:33 of 1st period - Slapshot by Bo Horvat.
14:33 of 1st period - Stopped by Philipp Grubauer without a rebound.
14:34 of 1st period - Bo Horvat wins face-off versus Jamie Benn in Stars zone.
14:42 of 1st period - Minor Penalty to Kris Letang for Tripping.
14:43 of 1st period - Bo Horvat wins face-off versus Jordan Staal in Stars zone.
14:43 of 1st period - Snap shot by David Pastrnak.
14:43 of 1st period - Shot Blocked by Ryan Suter.
14:45 of 1st period - Wrist shot by David Pastrnak.
14:45 of 1st period - Deflect By Mark Giordano.
14:45 of 1st period - Stopped by Philipp Grubauer with a rebound.
14:47 of 1st period - Wrist shot by Jonathan Huberdeau.
14:47 of 1st period - Stopped by Philipp Grubauer with a rebound.
16:13 of 1st period - Nick Bjugstad is hit by Boone Jenner and loses puck.
16:42 of 1st period - Penalty to Kris Letang is over, Kris Letang is back on ice.
18:42 of 1st period - Wrist shot by Conor Sheary.
18:42 of 1st period - Shot Misses the Net.
19:45 of 1st period - Brandon Tanev is hit by Ryan Suter and loses puck.
19:56 of 1st period - Joel Armia is hit by David Kampf and loses puck.
Goals for this period are 1 for Avalanche vs 1 for Stars.
Shots for this period are 14 for Avalanche vs 9 for Stars.

2nd period


0:01 of 2nd period - Joe Pavelski wins face-off versus David Pastrnak in neutral zone.
0:16 of 2nd period - Snap shot by Bo Horvat.
0:16 of 2nd period - Shot Misses the Net.
0:26 of 2nd period - Erik Karlsson is hit by Shayne Gostisbehere and loses puck.
0:46 of 2nd period - Minor Penalty to Boone Jenner for Hooking.
0:47 of 2nd period - Bo Horvat wins face-off versus Joe Pavelski in Avalanche zone.
0:55 of 2nd period - Icing by Kris Letang.
0:56 of 2nd period - Jamie Benn wins face-off versus Bo Horvat in Stars zone.
1:01 of 2nd period - Slapshot by Kris Letang.
1:01 of 2nd period - Stopped by Vitek Vanecek with a rebound.
1:07 of 2nd period - Slapshot by Calle Jarnkrok.
1:07 of 2nd period - Stopped by Vitek Vanecek without a rebound.
1:08 of 2nd period - Jamie Benn wins face-off versus Bo Horvat in Avalanche zone.
1:46 of 2nd period - Bo Horvat is hit by Nick Bjugstad and loses puck.
1:57 of 2nd period - Dylan DeMelo is hit by Calle Jarnkrok.
2:46 of 2nd period - Penalty to Boone Jenner is over, Boone Jenner is back on ice.
3:39 of 2nd period - Shayne Gostisbehere is hit by Jujhar Khaira.
3:53 of 2nd period - Matty Beniers is hit by Shayne Gostisbehere and loses puck.
4:04 of 2nd period - Evgenii Dadonov is hit by Jonathan Huberdeau and loses puck.
4:17 of 2nd period - Ryan Suter is hit by David Pastrnak and loses puck.
4:50 of 2nd period - Slapshot by Esa Lindell.
4:50 of 2nd period - Deflect By Jujhar Khaira.
4:50 of 2nd period - Shot Misses the Net.
4:50 of 2nd period - Puck is out of play.
4:51 of 2nd period - Jamie Benn wins face-off versus David Kampf in Stars zone.
5:41 of 2nd period - Wrist shot by David Pastrnak.
5:41 of 2nd period - Deflect By Jonathan Huberdeau.
5:41 of 2nd period - Stopped by Philipp Grubauer without a rebound.
5:42 of 2nd period - Bo Horvat wins face-off versus Joe Pavelski in Stars zone.
6:39 of 2nd period - Wrist shot by Mark Giordano.
6:39 of 2nd period - Stopped by Vitek Vanecek with a rebound.
6:43 of 2nd period - Slapshot by Jordan Martinook.
6:43 of 2nd period - Shot Misses the Net.
7:21 of 2nd period - Snap shot by Jordan Martinook.
7:21 of 2nd period - Shot Misses the Net.
7:23 of 2nd period - Wrist shot by Jordan Martinook.
7:23 of 2nd period - Stopped by Vitek Vanecek with a rebound.
7:25 of 2nd period - Snap shot by Calle Jarnkrok.
7:25 of 2nd period - Stopped by Vitek Vanecek with a rebound.
7:27 of 2nd period - Wrist shot by Kris Letang.
7:27 of 2nd period - Stopped by Vitek Vanecek without a rebound.
7:28 of 2nd period - Jamie Benn wins face-off versus Brandon Tanev in Avalanche zone.
8:04 of 2nd period - Snap shot by Jordan Staal.
8:04 of 2nd period - Stopped by Vitek Vanecek with a rebound.
8:06 of 2nd period - Wrist shot by Conor Sheary.
8:06 of 2nd period - Shot Blocked by Erik Karlsson.
8:32 of 2nd period - Snap shot by Conor Sheary.
8:32 of 2nd period - Stopped by Vitek Vanecek with a rebound.
8:56 of 2nd period - Wrist shot by Matty Beniers.
8:56 of 2nd period - Stopped by Philipp Grubauer without a rebound.
8:57 of 2nd period - Boone Jenner wins face-off versus Evgenii Dadonov in Stars zone.
9:10 of 2nd period - Wrist shot by Boone Jenner.
9:10 of 2nd period - Shot Blocked by Kris Letang.
9:12 of 2nd period - Snap shot by Brandon Tanev.
9:12 of 2nd period - Stopped by Philipp Grubauer with a rebound.
9:14 of 2nd period - Snap shot by Brandon Tanev.
9:14 of 2nd period - Shot Misses the Net.
9:50 of 2nd period - Icing by David Kampf.
9:51 of 2nd period - Joe Pavelski wins face-off versus David Kampf in Avalanche zone.
9:52 of 2nd period - Slapshot by Jordan Martinook.
9:52 of 2nd period - Goal by Jordan Martinook - Avalanche : 1 - Stars : 2.
9:53 of 2nd period - Boone Jenner wins face-off versus Joe Pavelski in neutral zone.
9:55 of 2nd period - Dylan DeMelo is hit by Kris Letang and loses puck.
10:06 of 2nd period - Backhand shot by Jordan Kyrou.
10:06 of 2nd period - Goal by Jordan Kyrou - Avalanche : 2 - Stars : 2.
10:07 of 2nd period - Joe Pavelski wins face-off versus Jordan Kyrou in neutral zone.
10:34 of 2nd period - Travis Sanheim is hit by Evgenii Dadonov and loses puck.
10:47 of 2nd period - Wrist shot by Nick Bjugstad.
10:47 of 2nd period - Shot Misses the Net.
11:03 of 2nd period - Jonathan Huberdeau is hit by Jordan Staal and loses puck.
11:52 of 2nd period - Wrist shot by Tyler Pitlick.
11:52 of 2nd period - Shot Blocked by Jake Sanderson.
12:24 of 2nd period - Wrist shot by Joel Armia.
12:24 of 2nd period - Shot Misses the Net.
12:43 of 2nd period - Wrist shot by David Kampf.
12:43 of 2nd period - Deflect By Nikolaj Ehlers.
12:43 of 2nd period - Shot Misses the Net.
12:43 of 2nd period - Puck is out of play.
12:44 of 2nd period - Joe Pavelski wins face-off versus Jordan Kyrou in Stars zone.
13:10 of 2nd period - Dylan DeMelo is hit by Jamie Benn and loses puck.
13:39 of 2nd period - Snap shot by Kris Letang.
13:39 of 2nd period - Shot Blocked by Dylan DeMelo.
13:41 of 2nd period - Wrist shot by Nick Bjugstad.
13:41 of 2nd period - Shot Misses the Net.
13:43 of 2nd period - Slapshot by Mark Giordano.
13:43 of 2nd period - Stopped by Vitek Vanecek with a rebound.
13:51 of 2nd period - Dmitry Kulikov is hit by Dylan DeMelo and loses puck.
14:08 of 2nd period - Travis Sanheim is hit by Joel Armia and loses puck.
14:27 of 2nd period - Snap shot by David Pastrnak.
14:27 of 2nd period - Shot Blocked by Joel Armia.
14:29 of 2nd period - Wrist shot by Bo Horvat.
14:29 of 2nd period - Shot Blocked by Jaycob Megna.
14:31 of 2nd period - Snap shot by Bo Horvat.
14:31 of 2nd period - Stopped by Philipp Grubauer with a rebound.
14:35 of 2nd period - Slapshot by Bo Horvat.
14:35 of 2nd period - Shot Misses the Net.
14:51 of 2nd period - Snap shot by Bo Horvat.
14:51 of 2nd period - Deflect By David Pastrnak.
14:51 of 2nd period - Shot Misses the Net.
14:51 of 2nd period - Puck is out of play.
14:52 of 2nd period - Boone Jenner wins face-off versus Jamie Benn in Stars zone.
14:53 of 2nd period - Snap shot by Brandon Tanev.
14:53 of 2nd period - Stopped by Philipp Grubauer with a rebound.
15:03 of 2nd period - Wrist shot by Jamie Benn.
15:03 of 2nd period - Stopped by Vitek Vanecek with a rebound.
15:29 of 2nd period - Slapshot by Erik Karlsson.
15:29 of 2nd period - Stopped by Philipp Grubauer without a rebound.
15:30 of 2nd period - Jamie Benn wins face-off versus Boone Jenner in Stars zone.
15:57 of 2nd period - David Kampf is hit by Jordan Martinook and loses puck.
16:17 of 2nd period - Slapshot by Kris Letang.
16:17 of 2nd period - Deflect By Dylan DeMelo.
16:17 of 2nd period - Stopped by Vitek Vanecek with a rebound.
16:24 of 2nd period - Minor Penalty to Mark Giordano for Hooking.
16:25 of 2nd period - Bo Horvat wins face-off versus Jordan Staal in Stars zone.
16:52 of 2nd period - Ryan Suter is hit by Erik Karlsson and loses puck.
17:03 of 2nd period - Snap shot by Boone Jenner.
17:03 of 2nd period - Goal by Boone Jenner - Avalanche : 3 - Stars : 2.
17:04 of 2nd period - Boone Jenner wins face-off versus Evgenii Dadonov in neutral zone.
17:27 of 2nd period - Erik Karlsson is hit by Shayne Gostisbehere.
18:03 of 2nd period - Kris Letang is hit by Travis Sanheim and loses puck.
18:09 of 2nd period - Off-side.
18:10 of 2nd period - Boone Jenner wins face-off versus Jamie Benn in neutral zone.
18:39 of 2nd period - Snap shot by Jordan Staal.
18:39 of 2nd period - Shot Misses the Net.
18:47 of 2nd period - Snap shot by David Pastrnak.
18:47 of 2nd period - Stopped by Philipp Grubauer with a rebound.
19:03 of 2nd period - Snap shot by David Kampf.
19:03 of 2nd period - Shot Misses the Net.
19:05 of 2nd period - Snap shot by David Kampf.
19:05 of 2nd period - Deflect By Nikolaj Ehlers.
19:05 of 2nd period - Shot Misses the Net.
19:05 of 2nd period - Puck is out of play.
19:06 of 2nd period - Brandon Tanev wins face-off versus Joe Pavelski in Stars zone.
19:35 of 2nd period - Snap shot by Bo Horvat.
19:35 of 2nd period - Stopped by Philipp Grubauer with a rebound.
19:41 of 2nd period - Travis Sanheim is hit by Shayne Gostisbehere and loses puck.
19:53 of 2nd period - Icing by David Pastrnak.
19:54 of 2nd period - Nick Bjugstad wins face-off versus David Kampf in Avalanche zone.
Goals for this period are 2 for Avalanche vs 1 for Stars.
Shots for this period are 10 for Avalanche vs 12 for Stars.

3rd period


0:01 of 3rd period - Joe Pavelski wins face-off versus Boone Jenner in neutral zone.
0:30 of 3rd period - Slapshot by Joel Armia.
0:30 of 3rd period - Stopped by Vitek Vanecek without a rebound.
0:31 of 3rd period - Jonathan Huberdeau wins face-off versus Nick Bjugstad in Avalanche zone.
0:31 of 3rd period - Jonathan Huberdeau is hit by Evgenii Dadonov.
0:45 of 3rd period - Backhand shot by Dylan DeMelo.
0:45 of 3rd period - Shot Misses the Net.
0:57 of 3rd period - Conor Sheary is hit by Boone Jenner.
2:05 of 3rd period - Snap shot by Jonathan Huberdeau.
2:05 of 3rd period - Stopped by Philipp Grubauer with a rebound.
2:07 of 3rd period - Slapshot by Jake Sanderson.
2:07 of 3rd period - Stopped by Philipp Grubauer without a rebound.
2:08 of 3rd period - Jamie Benn wins face-off versus Jonathan Huberdeau in Stars zone.
2:23 of 3rd period - Backhand shot by Jordan Staal.
2:23 of 3rd period - Stopped by Vitek Vanecek with a rebound.
2:25 of 3rd period - Slapshot by Shayne Gostisbehere.
2:25 of 3rd period - Deflect By Jonathan Huberdeau.
2:25 of 3rd period - Stopped by Vitek Vanecek with a rebound.
2:42 of 3rd period - Jordan Kyrou is hit by Joe Pavelski and loses puck.
3:01 of 3rd period - Esa Lindell is hit by Liam O'Brien and loses puck.
3:19 of 3rd period - Icing by Nikolaj Ehlers.
3:20 of 3rd period - Matty Beniers wins face-off versus Nick Bjugstad in Avalanche zone.
3:38 of 3rd period - Evgenii Dadonov is hit by Michael McCarron and loses puck.
3:49 of 3rd period - Snap shot by Evgenii Dadonov.
3:49 of 3rd period - Goal by Evgenii Dadonov - Avalanche : 3 - Stars : 3.
3:50 of 3rd period - Jamie Benn wins face-off versus Bo Horvat in neutral zone.
3:53 of 3rd period - Snap shot by Jamie Benn.
3:53 of 3rd period - Stopped by Vitek Vanecek without a rebound.
3:54 of 3rd period - Bo Horvat wins face-off versus Jamie Benn in Avalanche zone.
4:53 of 3rd period - Snap shot by Nick Bjugstad.
4:53 of 3rd period - Stopped by Vitek Vanecek without a rebound.
4:54 of 3rd period - Jamie Benn wins face-off versus Bo Horvat in Avalanche zone.
4:57 of 3rd period - Slapshot by Jamie Benn.
4:57 of 3rd period - Shot Misses the Net.
4:59 of 3rd period - Slapshot by Jordan Staal.
4:59 of 3rd period - Stopped by Vitek Vanecek with a rebound.
5:01 of 3rd period - Slapshot by Jordan Staal.
5:01 of 3rd period - Stopped by Vitek Vanecek without a rebound.
5:02 of 3rd period - Jamie Benn wins face-off versus Bo Horvat in Avalanche zone.
5:03 of 3rd period - Slapshot by Jordan Staal.
5:03 of 3rd period - Shot Misses the Net.
5:05 of 3rd period - Snap shot by Mark Giordano.
5:05 of 3rd period - Shot Misses the Net.
5:07 of 3rd period - Slapshot by Kris Letang.
5:07 of 3rd period - Shot Misses the Net.
5:09 of 3rd period - Snap shot by Mark Giordano.
5:09 of 3rd period - Shot Blocked by Erik Karlsson.
5:41 of 3rd period - Snap shot by Jonathan Huberdeau.
5:41 of 3rd period - Shot Blocked by Kris Letang.
5:51 of 3rd period - Snap shot by Jamie Benn.
5:51 of 3rd period - Stopped by Vitek Vanecek with a rebound.
5:53 of 3rd period - Wrist shot by Conor Sheary.
5:53 of 3rd period - Stopped by Vitek Vanecek with a rebound.
5:55 of 3rd period - Slapshot by Mark Giordano.
5:55 of 3rd period - Stopped by Vitek Vanecek without a rebound.
5:56 of 3rd period - Joe Pavelski wins face-off versus Boone Jenner in Avalanche zone.
6:03 of 3rd period - Snap shot by Jordan Martinook.
6:03 of 3rd period - Shot Misses the Net.
6:34 of 3rd period - Snap shot by Evgenii Dadonov.
6:34 of 3rd period - Stopped by Vitek Vanecek with a rebound.
7:37 of 3rd period - Snap shot by Jordan Martinook.
7:37 of 3rd period - Shot Misses the Net.
7:48 of 3rd period - Icing by Jonathan Huberdeau.
7:49 of 3rd period - Bo Horvat wins face-off versus Jamie Benn in Avalanche zone.
8:16 of 3rd period - Shayne Gostisbehere is hit by Boone Jenner and loses puck.
8:31 of 3rd period - Jordan Kyrou is hit by Evgenii Dadonov.
8:51 of 3rd period - Slapshot by Nick Bonino.
8:51 of 3rd period - Stopped by Vitek Vanecek with a rebound.
8:53 of 3rd period - Snap shot by Ryan Suter.
8:53 of 3rd period - Shot Misses the Net.
9:11 of 3rd period - Slapshot by Matty Beniers.
9:11 of 3rd period - Stopped by Philipp Grubauer without a rebound.
9:12 of 3rd period - Jamie Benn wins face-off versus Matty Beniers in Stars zone.
9:17 of 3rd period - Jamie Benn is hit by Mattias Samuelsson and loses puck.
9:24 of 3rd period - Wrist shot by Matty Beniers.
9:24 of 3rd period - Stopped by Philipp Grubauer without a rebound.
9:25 of 3rd period - Joe Pavelski wins face-off versus Boone Jenner in Stars zone.
9:40 of 3rd period - Wrist shot by Brandon Tanev.
9:40 of 3rd period - Shot Misses the Net.
9:52 of 3rd period - Travis Sanheim is hit by Conor Sheary and loses puck.
10:43 of 3rd period - Snap shot by Ryan Suter.
10:43 of 3rd period - Shot Blocked by Erik Karlsson.
10:45 of 3rd period - Backhand shot by Shayne Gostisbehere.
10:45 of 3rd period - Shot Blocked by Esa Lindell.
11:17 of 3rd period - Joe Pavelski is hit by Mattias Samuelsson and loses puck.
11:22 of 3rd period - Snap shot by Jordan Kyrou.
11:22 of 3rd period - Deflect By Boone Jenner.
11:22 of 3rd period - Shot Blocked by Jordan Martinook.
11:22 of 3rd period - Puck is out of play.
11:23 of 3rd period - Joe Pavelski wins face-off versus Boone Jenner in Stars zone.
12:35 of 3rd period - Backhand shot by Kris Letang.
12:35 of 3rd period - Stopped by Vitek Vanecek with a rebound.
12:37 of 3rd period - Snap shot by Kris Letang.
12:37 of 3rd period - Shot Misses the Net.
12:39 of 3rd period - Snap shot by Kris Letang.
12:39 of 3rd period - Deflect By Esa Lindell.
12:39 of 3rd period - Stopped by Vitek Vanecek without a rebound.
12:40 of 3rd period - Joe Pavelski wins face-off versus Boone Jenner in Avalanche zone.
12:46 of 3rd period - Minor Penalty to Erik Karlsson for Interference.
12:47 of 3rd period - Jamie Benn wins face-off versus Bo Horvat in Avalanche zone.
13:19 of 3rd period - Slapshot by Kris Letang.
13:19 of 3rd period - Stopped by Vitek Vanecek with a rebound.
13:21 of 3rd period - Snap shot by Jordan Staal.
13:21 of 3rd period - Shot Misses the Net.
13:23 of 3rd period - Slapshot by Shayne Gostisbehere.
13:23 of 3rd period - Shot Blocked by Esa Lindell.
13:33 of 3rd period - Boone Jenner is hit by Joe Pavelski and loses puck.
14:46 of 3rd period - Penalty to Erik Karlsson is over, Erik Karlsson is back on ice.
15:08 of 3rd period - Slapshot by Dmitry Kulikov.
15:08 of 3rd period - Shot Blocked by Jujhar Khaira.
19:39 of 3rd period - Ryan Suter is hit by Michael McCarron and loses puck.
Goals for this period are 0 for Avalanche vs 1 for Stars.
Shots for this period are 4 for Avalanche vs 16 for Stars.

Overtime #1


0:01 of 1st overtime period - Nick Bonino wins face-off versus Bo Horvat in neutral zone.
0:46 of 1st overtime period - Slapshot by Travis Sanheim.
0:46 of 1st overtime period - Stopped by Philipp Grubauer with a rebound.
0:48 of 1st overtime period - Backhand shot by Michael McCarron.
0:48 of 1st overtime period - Goal by Michael McCarron - Avalanche : 4 - Stars : 3.
Goals for this period are 1 for Avalanche vs 0 for Stars.
Shots for this period are 2 for Avalanche vs 0 for Stars.